 Dungeon Crawl Stone Soup version 0.29-a0-82-g837932c90e (webtiles) character file.

Game seed: 5410733187266110155

2243 dmks the Martial Artist (level 9, -7/71 HPs)
             Began as a Purple Draconian Transmuter on Feb 4, 2022.
             Was an Elder of Okawaru.
             Splashed by a brown ugly thing's acid (9 damage)
             ... on level 7 of the Dungeon on Feb 5, 2022.
             The game lasted 00:22:05 (6088 turns).

dmks the Martial Artist (DrTm)                      Turns: 6088, Time: 00:22:06

Health: -7/71      AC: 10    Str: 13    XL:     9   Next: 14%
Magic:  6/15       EV: 17    Int: 13    God:    Okawaru [****..]
Gold:   326        SH:  0    Dex: 24    Spells: 10/16 levels left

rFire   . . .      SeeInvis .     - Unarmed
rCold   + . .      Faith    .   (no shield)
rNeg    . . .      Spirit   .   (armour unavailable)
rPois   .          Reflect  .   (helmet restricted)
rElec   .          Harm     .   t - +0 cloak
rCorr   .          Rampage  .   n - +0 pair of gloves
Will    +....                   B - +0 pair of boots
Stlth   +++.......              (no amulet)
HPRegen 0.21/turn               A - +4 ring of protection
MPRegen 0.14/turn               p - ring of Mydiloch {Drain +Blink rC+ Dex+8}

@: mighty, heroic, corroded
A: breathe power, AC +7, unfitting armour, cold-blooded
a: Breathe Dispelling Energy, Renounce Religion, Evoke Blink, Heroism, Finesse


You were on level 7 of the Dungeon.
You worshipped Okawaru.
Okawaru was greatly pleased with you.
You visited 1 branch of the dungeon, and saw 7 of its levels.

You collected 326 gold pieces.

Inventory:

Hand Weapons
 b - a +1 dagger
   (You found it on level 1 of the Dungeon)
 z - the +2 short sword of the Doomed Warrior {pain, *Noise rF+ rC+ MP+9}
   (You found it on level 6 of the Dungeon)

   In the hands of one skilled in necromantic magic, it inflicts extra damage on
   living creatures.
   rF:        It protects you from fire.
   rC:        It protects you from cold.
   MP:        It affects your magic capacity (+9).
   *Noise:    It may make noises in combat.
 C - the +10 mace of Muun {vorpal, rN+ Int+2}
   (You found it on level 6 of the Dungeon)

   It inflicts extra damage upon your enemies.
   Int:       It affects your intelligence (+2).
   rN:        It protects you from negative energy.
Armour
 n - a +0 pair of gloves (worn)
   (You found it on level 4 of the Dungeon)
 r - a +1 helmet
   (You found it on level 4 of the Dungeon)
 t - a +0 cloak (worn)
   (You found it on level 5 of the Dungeon)
 y - a scarf of harm
   (You found it on level 6 of the Dungeon)
 B - a +0 pair of boots (worn)
   (You found it on level 6 of the Dungeon)
 D - +0 steam dragon scales
   (You found it on level 7 of the Dungeon)
Jewellery
 i - a ring of fire
   (You found it on level 3 of the Dungeon)
 o - a +6 ring of strength
   (You found it on level 5 of the Dungeon)
 p - the ring of Mydiloch (right hand) {Drain +Blink rC+ Dex+8}
   (You found it on level 4 of the Dungeon)

   [ring of protection from cold]

   Dex:       It affects your dexterity (+8).
   rC:        It protects you from cold.
   +Blink:    It lets you blink.
   Drain:     It drains your maximum health when unequipped.
 A - a +4 ring of protection (left hand)
   (You found it on level 2 of the Dungeon)
Wands
 d - a wand of iceblast (12)
   (You found it on level 6 of the Dungeon)
Scrolls
 c - 2 scrolls of enchant weapon
 h - 3 scrolls of identify {unknown}
 s - a scroll of vulnerability {!r}
 u - a scroll of teleportation {unknown}
 v - 2 scrolls of noise {unknown}
Potions
 a - 3 potions of brilliance {unknown}
 e - a potion of heal wounds {unknown}
 f - 5 potions of curing {unknown}
 g - 4 potions of might
 j - a potion of haste {unknown}
 k - 2 potions of magic {unknown}
 m - a potion of ambrosia {unknown}
 q - a potion of mutation {unknown}
 w - a potion of flight {unknown}
 x - a potion of attraction {unknown}


   Skills:
 + Level 3.6(8.6) Fighting
 - Level 1.7(6.7) Dodging
 * Level 9.3(14.3) Unarmed Combat
 + Level 4.2 Spellcasting
 * Level 7.3 Transmutations


You had 10 spell levels left.
You knew the following spells:

 Your Spells              Type           Power      Damage    Failure   Level
a - Beastly Appendage     Tmut           42%        N/A       1%          1
b - Wereblood             Tmut           21%        N/A       1%          2
x - Spider Form           Tmut/Pois      12%        N/A       13%         3

Your spell library contained the following spells:

 Spells                   Type           Power      Damage    Failure   Level
 Ignite Poison            Fire/Tmut/Pois 9%         N/A       22%         3
 Blink                    Tloc           4%         N/A       30%         2
 Ice Form                 Ice/Tmut       12%        N/A       41%         4
 Conjure Flame            Conj/Fire      2%         6-21      52%         3
 Dazzling Flash           Conj/Hex       4%         N/A       52%         3
 Lesser Beckoning         Tloc           2%         N/A       52%         3
 Sticky Flame             Conj/Fire      2%         2d3       90%         4
 Agony                    Necr           2%         N/A       99%         5
 Manifold Assault         Tloc           2%         N/A       99%         5
 Silence                  Hex/Air        1%         N/A       99%         5


Dungeon Overview and Level Annotations

Branches:
Dungeon (7/15)             Temple (0/1) D:7

Altars:
Cheibriados
Fedhas
Okawaru
Vehumet
The Shining One

Shops:
D:1 (   D:3 =   D:4 =

Annotations:
D:4 Grinder
D:7 Harold


Innate Abilities, Weirdness & Mutations

You can breathe bolts of dispelling energy.
Your rich purple scales are hard. (AC +7)
You cannot fit into any form of body armour.
You are cold-blooded and may be slowed by cold attacks.


Message History

The wyvern zombie bites you but does no damage.
You bite the wyvern zombie!
Your transformation is almost over.
The wyvern zombie closely misses you.
You hit the wyvern zombie.
You destroy the wyvern zombie!
Okawaru accepts your kill.
Items here: [ †††.
D - +0 steam dragon scales
Items here: †††††.
You start resting.
Your transformation has ended.
Your +0 cloak unmelds from your body.
Your +0 pair of gloves unmelds from your body.
Your +0 pair of boots unmelds from your body.
You start resting.
Harold the Weathered comes into view.
He is wielding a +4 vorpal glaive.
Here: Harold, wielding a +4 vorpal glaive, wearing a +0 chain mail and quivering 5 throwing nets (wandering, hasn't noticed you)
The floor.
Harold shouts!
You hear a horrible gurgling sound!
Harold fires a harpoon shot at you.
The harpoon shot hits you but does no damage.
You blink.
A brown ugly thing comes into view.
The brown ugly thing gurgles horribly!
Harold misses you.
Things that are here:
a vampire mosquito corpse; a steam dragon corpse; a bullfrog corpse A scorpion comes into view.
Items here: †††††.
Harold says, "Listen, it's nothing personal.
It's just a job."
You feel stable enough to blink again. The brown ugly thing trunk-slaps you.
You are splashed with acid!
* * * LOW HITPOINT WARNING * * *
As you read the scroll of fear, it crumbles to dust.
You assume a fearsome visage.
The brown ugly thing resists with some effort.
Harold looks frightened!
The brown ugly thing trunk-slaps you!
* * * LOW HITPOINT WARNING * * *
The acid corrodes you!
You are splashed with acid!
* * * LOW HITPOINT WARNING * * *
Okay, then.
It was a potion of might.
You feel very mighty all of a sudden. The brown ugly thing barely misses you.
You gain the combat prowess of a mighty hero.
The brown ugly thing trunk-slaps you!
* * * LOW HITPOINT WARNING * * *
You are splashed with acid!
You die...

#@#s# #.#.#
#.†#..#
#†#.##..# #
#s#.# .#
#.#.##. .#
#..s##. #
#.##u.##.
#.#@...### .
#....#
§≈....##.#
≈§≈.####.#
>≈§§§ #.#
≈§§ #.# §≈§
#.########
§§§
#........##
####.#....##


You could see a brown ugly thing and a scorpion.

Vanquished Creatures
  A yak (D:5)
  A steam dragon (D:7)
  A vampire mosquito (D:7)
  A necrophage (D:4)
  An ice beast (D:5)
  A black bear (D:6)
  A sky beast (D:5)
  An ogre (D:5)
  A bullfrog (D:7)
  A wyvern zombie (D:7)
  2 water moccasin skeletons (D:6)
  6 killer bees (D:7)
  3 wights (D:6)
  A howler monkey (D:7)
  2 bullfrog zombies
  A centaur zombie (D:5)
  2 jellies (D:6)
  2 hounds (D:5)
  3 orc priests
  Crazy Yiuf (D:6)
  Jessica (D:3)
  3 iguanas
  3 orc wizards
  A killer bee zombie (D:6)
  2 hound skeletons
  A hound zombie (D:5)
  9 adders
  A howler monkey skeleton (D:7)
  2 white imps (D:5)
  2 ufetubi
  2 adder skeletons (D:4)
  A dart slug (D:4)
  7 orcs
  3 endoplasms (D:1)
  2 giant cockroaches
  8 goblins
  5 hobgoblins
  3 jackals (D:4)
  3 quokkas
  5 ball pythons
  3 bats
  5 frilled lizards
  4 kobolds
  7 rats
116 creatures vanquished.

Vanquished Creatures (others)
  6 plants (D:5)
6 creatures vanquished.

Grand Total: 122 creatures vanquished

Notes
Turn   | Place    | Note
-------+----------+-------------------------------------------
     0 | D:1      | dmks the Draconian Transmuter began the quest for the Orb.
     0 | D:1      | Reached XP level 1. HP: 16/16 MP: 3/3
   156 | D:1      | Found Peacemu's Antique Weapon Shop.
   219 | D:1      | Reached XP level 2. HP: 19/23 MP: 3/5
   588 | D:1      | Found a faded altar of an unknown god.
   605 | D:1      | Prayed at the altar of an unknown god.
   605 | D:1      | Became a worshipper of Warmaster Okawaru
   605 | D:1      | Reached * piety under Okawaru
  1021 | D:2      | Reached XP level 3. HP: 26/28 MP: 6/6
  1098 | D:2      | Reached skill level 4 in Unarmed Combat
  1487 | D:3      | Noticed Jessica
  1512 | D:3      | Killed Jessica
  1513 | D:3      | Reached XP level 4. HP: 30/35 MP: 5/7
  1657 | D:3      | Found Efru's Jewellery Emporium.
  1930 | D:3      | Found a snail-covered altar of Cheibriados.
  2078 | D:2      | Learned a level 2 spell: Wereblood
  2082 | D:2      | Learned a level 3 spell: Spider Form
  2152 | D:3      | Reached skill level 5 in Unarmed Combat
  2152 | D:3      | Reached XP level 5. HP: 40/40 MP: 4/8
  2439 | D:4      | Found a glowing golden altar of the Shining One.
  2496 | D:4      | Noticed a necrophage
  2511 | D:4      | Killed a necrophage
  2511 | D:4      | Reached ** piety under Okawaru
  2512 | D:4      | Reached XP level 6. HP: 41/47 MP: 9/9
  2578 | D:4      | Found a blossoming altar of Fedhas.
  2596 | D:4      | Identified the ring of Mydiloch {Drain +Blink rC+ Dex+8}
  2659 | D:4      | Found Pasmyath's Jewellery Shop.
  2676 | D:4      | Reached skill level 6 in Unarmed Combat
  2685 | D:4      | Noticed Grinder
  3178 | D:4      | Paralysed by Grinder for 5 turns
  3273 | D:5      | Entered Level 5 of the Dungeon
  3319 | D:5      | Noticed an ice beast
  3328 | D:5      | Killed an ice beast
  3775 | D:5      | Your scales start taking on a rich purple colour.
  3775 | D:5      | Reached XP level 7. HP: 51/52 MP: 8/10
  3864 | D:5      | Reached skill level 7 in Unarmed Combat
  4190 | D:5      | Noticed a yak
  4199 | D:5      | Killed a yak
  4199 | D:5      | Reached *** piety under Okawaru
  4200 | D:5      | Reached skill level 5 in Transmutations
  4311 | D:5      | Reached skill level 8 in Unarmed Combat
  4368 | D:5      | Reached XP level 8. HP: 55/59 MP: 7/11
  4858 | D:6      | Found a radiant altar of Vehumet.
  5325 | D:6      | Identified the +2 short sword of the Doomed Warrior {pain,
                  | *Noise rF+ rC+ MP+9}
  5440 | D:6      | Found a runed translucent door.
  5441 | D:6      | Noticed Crazy Yiuf
  5890 | D:6      | Killed Crazy Yiuf
  5895 | D:6      | Identified the +10 mace of Muun {vorpal, rN+ Int+2}
  6012 | D:7      | Found a staircase to the Ecumenical Temple.
  6035 | D:7      | Reached **** piety under Okawaru
  6036 | D:7      | Reached skill level 9 in Unarmed Combat
  6055 | D:7      | Reached XP level 9. HP: 61/70 MP: 4/15
  6075 | D:7      | Noticed Harold
  6077 | D:7      | Noticed a brown ugly thing
  6088 | D:7      | HP: 2/71 [brown ugly thing (12)]
  6088 | D:7      | Splashed by a brown ugly thing's acid

Illustrated notes

Levels and vault maps discovered:
D:1:      dpeg_arrival_rooms_b, layout_rooms, ebering_ecumenical_altar_ruins,
          serial_shops, shop_fountains
D:2:      layout_rooms, minmay_pentomino_pile
D:3:      layout_loops_ring, amcnicky_altar_gilded, serial_shops, shop,
          uniq_jessica
D:4:      layout_rooms, mainiacjoe_overflow_small_starburst,
          mainiacjoe_overflow_concentric_impassable, serial_shops,
          nicolae_shop_crystal, kennysheep_potato, uniq_grinder
D:5:      cheibrodos_barr_body, layout_cave_pools, serial_bayou,
          serial_bayou_crossing, serial_bayou_ford_a, serial_bayou_lagoon_a,
          serial_bayou_pond_e, patterned_corridor
D:6:      layout_cave_pods, mainiacjoe_overflow_24_doors,
          uniq_crazy_yiuf_cottage
D:7:      minmay_the_grid_octo_tiled_squarecenter [minmay_the_grid_octo_teeth,
          minmay_the_grid_octo_tetromino_candy, minmay_the_grid_octo_empty,
          minmay_the_grid_octo_checkerflower,
          minmay_the_grid_square_5x5_megaprize_open,
          minmay_the_grid_square_5x5_fat_x,
          minmay_the_grid_square_5x5_minivault,
          minmay_the_grid_square_5x5_almost_minimal,
          minmay_the_grid_square_5x5_beaten_path], layout_loops_cross,
          kennysheep_mini, minmay_temple_entry_mist, enter_ossuary_3,
          gammafunk_ghost_berserking_beasts, uniq_menkaure, uniq_harold

Skill      XL: |  1  2  3  4  5  6  7  8 |
---------------+-------------------------+-----
Unarmed Combat | 4 5 6 8 9 |  9.3
Transmutations | 3 4 5 7 |  7.3
Fighting       | 3 |  3.6
Spellcasting   | 4 |  4.2
Dodging        | |  1.7

Action                   |  1- 3 |  4- 6 |  7- 9 || total
-------------------------+-------+-------+-------++-------
Melee: Unarmed           |    93 |   156 |   161 ||   410
       Kick              |    18 |    36 |    22 ||    76
       Tailslap          |     9 |    33 |    11 ||    53
       Headbutt          |     7 |    19 |    10 ||    36
       Punch             |       |     7 |     1 ||     8
 Cast: Beastly Appendage |    16 |    20 |    12 ||    48
       Spider Form       |       |     1 |    10 ||    11
       Wereblood         |       |     3 |     5 ||     8
Invok: Heroism           |       |       |     4 ||     4
 Abil: Evoke Blink       |       |       |     1 ||     1
  Use: Scroll            |       |     5 |     1 ||     6
       Potion            |       |       |     1 ||     1
Armor: Skin              |    37 |    84 |    45 ||   166
Dodge: Dodged            |    70 |    87 |   117 ||   274

Table legend: (Time is in decaauts)
 A = Elapsed time spent in this place.
 B = Non-inter-level travel time spent in this place.
 C = Inter-level travel time spent in this place.
 D = Time resting spent in this place.
 E = Time spent auto-exploring this place.
 F = Levels seen in this place.
 G = Mean time per level.
                   A        B        C        D        E       F      G
               +--------+--------+--------+--------+--------+-----+--------+
         Total |   6064 |   5964 |    100 |   1353 |   2861 |   7 |  866.3 |
       Dungeon |   6064 |   5964 |    100 |   1353 |   2861 |   7 |  866.3 |
               +--------+--------+--------+--------+--------+-----+--------+

Top non-repeatable levels by time:
     D:6: 1252 daAuts
     D:5: 1196 daAuts
     D:4: 1103 daAuts
     D:1: 864 daAuts
     D:3: 795 daAuts
     D:2: 756 daAuts
     D:7: 96 daAuts
